 Dungeon Crawl Stone Soup version 0.27-a0-819-g058290f16d (webtiles) character file.

Game seed: 6276432044885310962

4 jasper the Sneak (level 1, -9/18 HPs)
             Began as a Demonspawn Delver on Mar 29, 2021.
             Killed from afar by Sigmund (11 damage)
             ... with a puff of flame
             ... on level 2 of the Dungeon.
             The game lasted 00:01:26 (768 turns).

jasper the Sneak (Demonspawn Delver)                 Turns: 768, Time: 00:01:27

Health: -9/18      AC:  3    Str: 12    XL:     1   Next: 58%
Magic:  1/1        EV:  6    Int: 11    God:
Gold:   14         SH: 10    Dex: 14    Spells: 0/0 levels left

rFire    . . .     SeeInvis .   a - +0 hand axe
rCold    . . .     Faith    .   h - +0 tower shield
rNeg     . . .     Spirit   .   b - +0 leather armour
rPois    .         Reflect  .   (no helmet)
rElec    .         Harm     .   (no cloak)
rCorr    .         Rampage  .   (no gloves)
Will     .....                  (no boots)
Stlth    ++........             (no amulet)
HPRegen  0.06/turn              (no ring)
MPRegen  0.07/turn              (no ring)

@: no status effects
A: no striking features
a: no special abilities


You were on level 2 of the Dungeon.
You visited 1 branch of the dungeon, and saw 4 of its levels.

You collected 14 gold pieces.

Inventory:

Hand Weapons
 a - a +0 hand axe (weapon)
Armour
 b - a +0 leather armour (worn)
 h - a +0 tower shield (worn)
Wands
 g - a wand of digging (3)
Scrolls
 c - a scroll of fog
 d - a scroll of magic mapping
 e - a scroll of fear
 f - 2 scrolls of identify {unknown}


   Skills:
 + Level 3.0 Fighting
 * Level 2.0 Axes
 - Level 0.1 Armour
 - Level 1.7 Dodging
 - Level 4.5 Stealth
 + Level 0.1 Shields


You couldn't memorise any spells.
You didn't know any spells.
Your spell library was empty.

Dungeon Overview and Level Annotations

Branches:
Dungeon (5/15)
 Temple: D:4-7

Altars:

Portals:
Sewer: D:4

Annotations:
D:2 Sigmund


Message History

You start resting.
HP restored.
Health restored: 18 You open the door.
There is an open door here.
You open the door.
Found a stone staircase leading up.
An adder comes into view.
There is an open door here.
There is a stone staircase leading up here.
You climb upwards.
An endoplasm comes into view.
Found 14 gold pieces.
There is a stone staircase leading down here.
The helpless endoplasm fails to defend itself.
You hit the endoplasm.
You kill the endoplasm!
Your Axes skill increases to level 2!
There is a stone staircase leading down here.
You now have 14 gold pieces.
Sigmund the Dreaded comes into view.
He is wielding a +0 scythe and wearing a +2 robe of willpower.
Sigmund is nearby!
Partly explored, can't reach some items and places.
Partly explored, can't reach some items and places.
Really walk into a travel-excluded area?
Sigmund shouts!
Sigmund casts a spell at you. The puff of flame hits you.
You take 6 damage, and have 12/18 hp.
MASSIVE DAMAGE!!
Sigmund casts a spell at you. The magic dart hits you!
Ouch! That really hurt!
* * * LOW HITPOINT WARNING * * *
You take 10 damage, and have 2/18 hp.
MASSIVE DAMAGE!!
Sigmund points at you and mumbles some strange words.
You resist with significant effort. Sigmund gestures at you while chanting.
The puff of flame hits you!
Ouch! That really hurt!
You die...

#.#######.# #.#...#
#.# #.#.#.###.#### #
#.#.....#.##.. >###
##.......#.##.####...
#...##...@.##.#....#
#..#####...##.#...#
#.>..............#
########......@:#
########.# .# .# .#
.# .# ##


You could see Sigmund.

Vanquished Creatures
  An endoplasm (D:2)
  A kobold (D:4)
  A quokka (D:4)
  A ball python (D:4)
4 creatures vanquished.

Notes
Turn   | Place    | Note
-------+----------+-------------------------------------------
     0 | D:5      | jasper the Demonspawn Delver began the quest for the Orb.
     0 | D:5      | Reached XP level 1. HP: 18/18 MP: 1/1
    97 | D:4      | Found a glowing drain.
   103 | D:4      | Noticed a hound
   738 | D:2      | Noticed Sigmund
   768 | D:2      | Killed from afar by Sigmund

Illustrated notes

Levels and vault maps discovered:
D:2:      kennysheep_six_static_rooms, layout_basic, uniq_sigmund
D:3:      cheibrodos_greedy_goblins, layout_basic, uniq_natasha, uniq_jessica
D:4:      layout_loops_ring, gup_sewer_entry_glass, uniq_menkaure
D:5:      layout_basic, minmay_temple_entry_glass, serial_shops,
          nicolae_shop_stone

Skill      XL: |  1 |
---------------+----+-----
Axes           | 2 |  2.0
Fighting       | |  3.0
Armour         | |  0.1
Dodging        | |  1.7
Stealth        | |  4.5
Shields        | |  0.1

Action                   || total
-------------------------++-------
Melee: Hand axe          ||    12
  Use: Scroll            ||     1
       Potion            ||     1
 Stab: Sleeping          ||     1
Armor: Leather armour    ||     2
Dodge: Dodged            ||     5
Block: Tower shield      ||     6

Table legend: (Time is in decaauts)
 A = Elapsed time spent in this place.
 B = Non-inter-level travel time spent in this place.
 C = Inter-level travel time spent in this place.
 D = Time resting spent in this place.
 E = Time spent auto-exploring this place.
 F = Levels seen in this place.
 G = Mean time per level.
                   A        B        C        D        E       F      G
               +--------+--------+--------+--------+--------+-----+--------+
         Total |    763 |    738 |     25 |    414 |    198 |   4 |  190.8 |
       Dungeon |    763 |    738 |     25 |    414 |    198 |   4 |  190.8 |
               +--------+--------+--------+--------+--------+-----+--------+

Top non-repeatable levels by time:
     D:4: 483 daAuts
     D:3: 204 daAuts
     D:2: 47 daAuts
     D:5: 27 daAuts
